Map: Ruiny Serasu

Players

Ulquiorra

  • Race: Protoss Protoss

SpaWnOmsk

  • Race: Protoss Protoss

DFTReaper - Winner!

  • Race: Terran Terran

Gracz - Winner!

  • Race: Protoss Protoss

VOD

Have the link to the VOD?

Description

Time

  • Played on: March 1, 2016, 10:39 a.m.
  • Length: 11:09
Show
View Real Time Build Order
Export as new Build Order

Ulquiorra Protoss 

Build Orders:  

Get SALT Encoding   

  12  0:03  Probe (Chrono Boost)  
  13  0:14  Probe (Chrono Boost)  
  14  0:20  Pylon  
  14  0:41  Gateway  
  14  0:53  Probe (Chrono Boost)  
  15  1:02  Forge  
  15  1:04  Probe (Chrono Boost)  
  16  1:12  Pylon  
  16  1:14  Probe (Chrono Boost)  
  17  1:25  Probe (Chrono Boost)  
  18  1:29  Pylon  
  18  1:35  Zealot (Chrono Boost)  
  20  1:46  Photon Cannon  
  20  1:51  Assimilator  
  20  1:55  Probe  
  21  2:02  Assimilator  
  21  2:05  Zealot (Chrono Boost)  
  21  2:07  Probe  
  24  2:21  Probe  
  25  2:29  Zealot (Chrono Boost)  
  27  2:38  Cybernetics Core  
  27  2:49  Photon Cannon  
  29  3:06  Nexus, Zealot (Chrono Boost)  
  29  3:29  Zealot (Chrono Boost)  
  29  3:32  Mothership Core  
  33  3:48  Twilight Council  
  33  3:58  Zealot (Chrono Boost)  
  33  4:01  Photon Cannon  
  22  4:22  Sentry (Chrono Boost)  
  24  4:27  Pylon  
  20  4:59  Pylon  
  20  5:22  Probe  
  21  5:41  Probe  
  22  5:58  Probe  
  21  6:34  Probe  
  22  6:46  Probe  
  15  6:58  Probe x2  
  17  7:09  Probe  
  18  7:19  Probe  
  19  7:30  Probe  
  20  7:40  Probe  
  20  7:51  Probe  
  21  8:18  Nexus  
  21  8:51  Pylon  
  21  8:53  Pylon  
  21  8:56  Assimilator  
  21  9:01  Assimilator  
  21  9:05  Pylon  
  21  9:07  Pylon  
  21  9:13  Pylon  
  21  9:16  Pylon  
  21  9:30  Probe  
  18  9:41  Probe  
  19  9:51  Probe  
  20  10:02  Probe  
  21  10:11  Gateway  
  21  10:27  Forge  
  11  10:48  Pylon  
Show
View Real Time Build Order
Export as new Build Order

SpaWnOmsk Protoss 

Build Orders:  

Get SALT Encoding   

  12  0:01  Probe (Chrono Boost)  
  13  0:12  Probe (Chrono Boost)  
  14  0:20  Pylon  
  14  0:23  Probe (Chrono Boost)  
  15  0:39  Probe (Chrono Boost)  
  16  0:49  Probe (Chrono Boost)  
  17  0:50  Gateway  
  17  0:55  Assimilator  
  17  1:00  Probe (Chrono Boost)  
  18  1:10  Probe (Chrono Boost)  
  19  1:18  Pylon  
  19  1:21  Probe (Chrono Boost)  
  20  1:31  Probe (Chrono Boost)  
  21  1:39  Gateway  
  21  1:46  Assimilator  
  21  1:49  Probe (Chrono Boost)  
  21  1:50  Zealot  
  24  1:59  Probe (Chrono Boost)  
  25  2:04  Forge  
  25  2:16  Probe (Chrono Boost)  
  25  2:17  Zealot (Chrono Boost)  
  28  2:38  Nexus  
  28  2:42  Zealot (Chrono Boost)  
  30  2:44  Pylon  
  30  2:49  Probe  
  31  3:05  Zealot (Chrono Boost)  
  35  3:06  Zealot (Chrono Boost)  
  35  3:07  Cybernetics Core  
  35  3:15  Photon Cannon  
  35  3:31  Zealot (Chrono Boost)  
  39  3:35  Zealot (Chrono Boost)  
  39  3:43  Pylon  
  39  3:50  Probe  
  40  4:00  Stalker (Chrono Boost)  
  40  4:02  Probe  
  45  4:17  Stalker (Chrono Boost)  
  45  4:18  Probe  
  45  4:20  Probe  
  47  4:26  Stalker (Chrono Boost)  
  47  4:30  Probe x2  
  50  4:37  Pylon  
  51  4:41  Probe, Photon Cannon  
  52  4:51  Assimilator  
  52  4:56  Photon Cannon  
  52  5:02  Assimilator, Probe  
  55  5:07  Stalker (Chrono Boost)  
  55  5:13  Probe  
  55  5:14  Stalker (Chrono Boost)  
  57  5:18  Probe  
  59  5:21  Protoss Shields Level 1  
  59  5:23  Probe  
  60  5:33  Stalker (Chrono Boost), Warp Gate  
  62  5:36  Probe  
  65  5:44  Stalker (Chrono Boost)  
  65  5:46  Probe  
  65  5:47  Probe  
  67  5:57  Probe  
  67  5:59  Stalker (Chrono Boost)  
  67  6:03  Gateway  
  70  6:06  Pylon  
  70  6:11  Pylon  
  70  6:23  Probe  
  70  6:24  Probe  
  74  6:29  Stalker (Chrono Boost)  
  74  6:33  Probe  
  75  6:40  Photon Cannon  
  75  6:43  Photon Cannon  
  75  6:50  Stalker (Chrono Boost)  
  77  6:59  Stalker (Chrono Boost)  
  79  7:04  Probe  
  80  7:15  Probe  
  80  7:16  Stalker (Chrono Boost), Protoss Ground Armor Level 1  
  83  7:25  Probe  
  83  7:27  Protoss Air Armor Level 1  
  83  7:29  Stalker (Chrono Boost)  
  86  7:35  Gateway x2  
  86  7:39  Gateway  
  64  8:26  Stalker  
  62  8:33  Stalker (Chrono Boost)  
  64  9:09  Stalker  
  66  9:10  Stalker x2  
  70  9:32  Stargate  
  70  9:33  Stargate  
  70  9:36  Stargate  
  68  9:47  Pylon  
  68  9:50  Pylon  
  68  9:52  Pylon  
  68  9:53  Stalker x2  
  68  9:54  Stalker  
  68  9:55  Stalker x2  
  78  10:12  Twilight Council  
  78  10:18  Void Ray  
  78  10:20  Void Ray  
  86  10:22  Void Ray  
  90  10:36  Stalker x2  
  90  10:37  Stalker x2  
  90  10:38  Stalker  
Show
View Real Time Build Order
Export as new Build Order

DFTReaper Terran - Winner!

Build Orders: 1/1/1, MMM Bio 

Get SALT Encoding   

  12  0:01  SCV  
  13  0:13  SCV  
  14  0:20  Supply Depot  
  14  0:25  SCV  
  15  0:31  Refinery  
  15  0:42  SCV  
  16  0:46  Barracks  
  16  0:54  SCV  
  17  1:04  Refinery  
  17  1:06  SCV  
  19  1:18  SCV  
  19  1:30  SCV  
  20  1:37  Factory, Supply Depot  
  20  1:42  SCV  
  20  1:45  Barracks Reactor  
  21  2:01  Orbital Command  
  21  2:06  Supply Depot  
  21  2:23  Starport  
  21  2:27  Marine x2  
  23  2:34  Widow Mine  
  23  2:36  SCV  
  26  2:47  Marine x2  
  26  2:50  SCV  
  29  2:58  Supply Depot  
  29  3:00  Medivac  
  31  3:06  Widow Mine  
  31  3:11  Engineering Bay  
  33  3:13  Marine  
  33  3:16  Marine  
  33  3:19  SCV  
  36  3:31  Starport Reactor, SCV  
  37  3:42  Marine x2  
  37  3:43  Factory Tech Lab  
  37  3:45  SCV  
  40  3:48  Missile Turret  
  40  3:50  Terran Infantry Weapons Level 1  
  37  4:26  Marine x2  
  37  4:28  Medivac x2, Siege Tank  
  37  4:30  SCV  
  45  4:44  Marine x2  
  47  4:51  Barracks  
  47  4:52  Barracks  
  45  5:03  Medivac  
  46  5:19  Marine  
  47  5:27  Supply Depot  
  47  5:29  Supply Depot  
  47  5:34  Marine, Medivac, SCV  
  45  5:45  Marine  
  45  5:48  Barracks Tech Lab x2  
  45  5:49  Siege Tank  
  49  6:02  Command Center  
  49  6:34  Marine x3  
  49  6:35  Marauder  
  49  6:36  Medivac, Siege Tank  
  49  6:38  Combat Shields  
  61  6:40  SCV  
  60  6:47  Stimpack  
  60  6:52  Marine x2, SCV  
  63  7:04  Supply Depot  
  63  7:05  Supply Depot  
  63  7:14  Marine, SCV, Marauder  
  63  7:15  Orbital Command  
  67  7:16  Bunker  
  67  7:18  Liberator  
  67  7:26  SCV  
  67  7:29  Marine x2  
  69  7:31  Siege Tank  
  76  7:38  SCV  
  77  7:49  Missile Turret  
  77  7:50  Marine x2, SCV  
  82  7:51  Marauder x2  
  82  7:53  SCV  
  82  7:56  Concussive Shells  
  85  8:02  SCV  
  86  8:10  Marine x2  
  86  8:11  Siege Tank  
  91  8:18  Missile Turret  
  91  8:19  SCV x2  
  93  8:31  SCV  
  93  8:33  Supply Depot x2  
  94  8:43  Refinery  
  94  8:48  Refinery  
  94  8:54  SCV  
  95  9:13  Marine  
  95  9:14  Marine  
  95  9:15  Siege Tank, Marauder x2  
  95  9:16  Medivac x2  
  108  9:18  Command Center  
  108  9:39  Marine x2  
  110  9:53  Supply Depot  
  110  9:55  Supply Depot  
  110  10:00  Supply Depot  
  110  10:02  Supply Depot  
  110  10:08  Engineering Bay  
  110  10:14  Marine, Armory  
  110  10:15  Marauder  
  113  10:25  Supply Depot  
  113  10:33  Marauder  
  115  10:36  Marine x2, Marauder  
  115  10:38  Medivac  
Show
View Real Time Build Order
Export as new Build Order

Gracz Protoss - Winner!

Build Orders:  

Get SALT Encoding   

  12  0:02  Probe (Chrono Boost)  
  13  0:16  Probe (Chrono Boost)  
  14  0:25  Pylon  
  14  0:26  Probe (Chrono Boost)  
  15  0:43  Assimilator, Probe (Chrono Boost)  
  15  0:46  Pylon  
  16  1:00  Probe (Chrono Boost)  
  17  1:05  Gateway  
  17  1:07  Gateway  
  17  1:10  Probe (Chrono Boost)  
  18  1:16  Assimilator  
  18  1:21  Probe (Chrono Boost)  
  19  1:31  Probe (Chrono Boost)  
  20  1:42  Probe (Chrono Boost)  
  21  1:52  Forge  
  21  1:58  Cybernetics Core  
  21  1:59  Zealot  
  23  2:11  Pylon  
  23  2:19  Probe (Chrono Boost)  
  24  2:45  Stargate  
  24  2:47  Stargate  
  24  2:59  Stargate  
  24  3:09  Stalker  
  26  3:14  Warp Gate (Chrono Boost)  
  26  3:33  Nexus  
  26  3:38  Assimilator  
  26  3:42  Probe  
  26  3:44  Assimilator  
  27  3:54  Probe  
  28  4:05  Pylon  
  28  4:06  Probe  
  29  4:17  Void Ray  
  29  4:18  Probe  
  34  4:43  Mothership Core  
  36  4:48  Probe  
  37  4:57  Protoss Air Weapons Level 1 (Chrono Boost)  
  37  4:58  Probe  
  37  5:04  Probe  
  39  5:09  Probe  
  40  5:16  Probe  
  40  5:19  Probe  
  42  5:24  Twilight Council  
  42  5:30  Probe  
  43  6:29  Probe  
  43  6:30  Fleet Beacon  
  44  6:35  Void Ray (Chrono Boost)  
  44  6:36  Void Ray (Chrono Boost)  
  44  6:38  Void Ray (Chrono Boost)  
  56  6:40  Probe  
  57  6:50  Probe  
  58  6:55  Stalker x2  
  62  7:23  Pylon  
  62  7:35  Pylon  
  62  7:41  Probe, Void Ray (Chrono Boost)  
  62  7:42  Pylon  
  67  7:53  Probe, Void Ray (Chrono Boost)  
  60  8:31  Tempest (Chrono Boost)  
  60  8:33  Void Ray (Chrono Boost)  
  72  8:36  Tempest (Chrono Boost)  
  72  8:51  Stargate  
  72  8:52  Stargate  
  72  8:55  Stargate  
  72  9:03  Stargate  
  72  9:07  Stalker x2  
  86  9:47  Pylon  
  86  9:49  Tempest (Chrono Boost)  
  86  9:56  Pylon  
  86  10:06  Tempest (Chrono Boost)  
  94  10:11  Tempest (Chrono Boost)  
  94  10:14  Stalker  
  100  10:22  Pylon  
  100  10:27  Void Ray (Chrono Boost)  
Tags
 
Add a new tag
Caveats
  • Supply blocks, unpowered buildings, or Contaminate may cause inaccurate times.
  • Supply counts are checked every 10 seconds.